 Dungeon Crawl Stone Soup version 0.14-a0-2691-g997c442 (webtiles) character file.

6063 CrazyArbalest the Quickloader (level 10, 0/70 HPs)
             Began as a Demonspawn Hunter on Feb 18, 2014.
             Was an Elder of Okawaru.
             Succumbed to a soldier ant's poison
             ... on Level 8 of the Dungeon.
             The game lasted 01:35:29 (13663 turns).

CrazyArbalest the Quickloader (Demonspawn Hunter)  Turns: 13663, Time: 01:35:29

HP   0/70        AC 10     Str 15      XL: 10   Next: 45%
MP  11/11        EV 15     Int 13      God: Okawaru [****..]
Gold 443         SH  0     Dex 14      Spells:  0 memorised,  9 levels left

rFire  + . .     SeeInvis .     H - plain deck of war
rCold  + . .     Clarity  +     y - +2 ring mail "Blenofi" {+Fly MR++}
rNeg   . . .     Conserve .     (no shield)
rPois  +         rCorr    .     (helmet restricted)
rElec  +         rRot     +     K - +0 cloak
SustAb . .       Spirit   .     (no gloves)
rMut   .         Warding  .     J - +0 pair of boots
Saprov + . .     Stasis   .     V - amulet of clarity
MR     ++...                    C - +3 ring of evasion
                                m - ring of sustenance

@: mildly poisoned, very slightly contaminated, hasted, very quick, very
resistant to hostile enchantments, unstealthy
A: horns 2, foul stench 1, powered by death 1, saprovore 1
a: Heroism, Renounce Religion, Evoke Flight


You were on level 8 of the Dungeon.
You worshipped Okawaru.
Okawaru was greatly pleased with you.
You were not hungry.

You visited 2 branches of the dungeon, and saw 9 of its levels.
You also visited: Sewer.

You collected 443 gold pieces.

Inventory:

Hand weapons
 a - a +1,+2 morningstar
 b - a +2,+1 crossbow
 l - a +0,+2 orcish whip
 q - a cursed -1,+0 orcish flail
 r - a +0,+0 whip
 T - a +0,+0 flail
Missiles
 c - 8 bolts
Armour
 y - the +2 ring mail "Blenofi" (worn) {+Fly MR++}
   (You found it on level 5 of the Dungeon)

   It affects your resistance to hostile enchantments.
   It lets you fly.
 A - a +1 elven leather armour (quivered)
 J - a +0 pair of boots (worn)
 K - a +0 cloak (worn)
 P - a +0 robe of fire resistance
 Z - a +0 orcish buckler
Magical devices
 d - a wand of frost (0)
 e - a wand of invisibility (5)
 k - a wand of cold (0)
 n - a wand of digging (4)
 z - a wand of digging (9)
Comestibles
 f - 8 bread rations
 g - a slice of pizza
 p - 19 cheeses
 X - 2 meat rations
Scrolls
 h - a scroll of magic mapping
 i - a scroll of enchant weapon I
 o - 7 scrolls of teleportation
 s - 2 scrolls of blinking {unknown}
 G - 2 scrolls of immolation
 N - 2 scrolls of noise
 Q - a scroll of curse armour {unknown}
Jewellery
 m - a ring of sustenance (left hand)
 C - a +3 ring of evasion (right hand)
 E - an uncursed ring of sustain abilities
 V - an amulet of clarity (around neck)
Potions
 B - a potion of magic
 O - a potion of might
 R - 3 potions of flight
Books
 S - a book of Fire

   Spells                             Type                      Level
   Fire Brand                         Charms/Fire                  2
   Ignite Poison                      Fire/Transmutation           5
   Fireball                           Conjuration/Fire             5
   Bolt of Fire                       Conjuration/Fire             6
   Delayed Fireball                   Conjuration/Fire             7
   Ring of Flames                     Charms/Fire                  7
Miscellaneous
 H - a plain deck of war (in hand)


   Skills:
 + Level 3.4 Fighting
   Level 0.6 Short Blades
 + Level 3.1 Maces & Flails
 * Level 11.2 Crossbows
 + Level 4.3 Armour
 + Level 6.8 Dodging
 + Level 1.9 Stealth
 + Level 0.6 Invocations
 + Level 1.0 Evocations


You had 9 spell levels left.
You didn't know any spells.

Dungeon Overview and Level Annotations

Branches:
Dungeon (8/16)             Temple (1/1) D:5
   Lair: D:8-11

Altars:
Ashenzari
Dithmenos
Elyvilon
Fedhas
Nemelex Xobeh
Okawaru
Sif Muna
Trog
Vehumet
Zin

Annotations:
D:7 Duvessa


Innate Abilities, Weirdness & Mutations

You have a pair of horns on your head.
You emit a foul stench, and are resistant to rotting and decay.
You can steal the life force of nearby defeated enemies.
You can tolerate rotten meat.


Message History

Drink which item? (? for menu, Esc to quit)
You feel protected.
* * * LOW HITPOINT WARNING * * *
You feel sick.
* * * LOW HITPOINT WARNING * * *
You feel sick.
* * * LOW HITPOINT WARNING * * *
You feel sick.
You feel a little better.
* * * LOW HITPOINT WARNING * * *
You feel sick.
Drink which item? (? for menu, Esc to quit)
Magic courses through your body.
Drink which item? (? for menu, Esc to quit)
Okay, then.
Unknown command.
That item cannot be evoked!
Wield which item (- for none, * to show all)? (? for menu, Esc to quit)
H - a plain deck of cards (in hand)
You die...

.# #....._....# #........#####..
## ###.......## ##.####### ###
##.....## #.#### ###...## #....#
#.##[### #######.## #####
#......# #........# #....
#......# #........# #....
#......# #........# #....
#......# #@....)..# #....
######......# #........#####...<
.>...'......####........#.)......
######......##..........).###....
#......#..#....>...### #....
#......'.##........# #....
#......######.###### #....
##'##### #...# ##### #..#
#####'### ####


There were no monsters in sight!

Vanquished Creatures
  Psyche (D:8)
  Prince Ribbit (D:7)
  A wyvern (D:6)
  16 soldier ants (D:8)
  Menkaure (D:7)
  3 phantoms
  A centaur (D:5)
  3 ogres
  6 giant frogs
  Blork the orc (D:7)
  8 wights
  3 crimson imps
  4 hounds
  Dowan (D:7)
  A jelly (D:7)
  A siren (Sewer)
  3 orc wizards
  3 scorpions
  A two-headed ogre zombie (D:7)
  Crazy Yiuf (D:5)
  An iguana (D:7)
  A quasit (D:5)
  5 orc priests
  17 worker ants (D:8)
  2 mermaids (Sewer)
  An orange rat (D:8)
  11 adders
  6 gnolls
  5 green rats
  A giant centipede (D:4)
  An inept feature mimic (D:2)
  A giant mite (Sewer)
  4 worms
  7 grey rats
  An iguana skeleton (D:4)
  2 giant eyeballs
  13 giant geckos
  20 orcs
  7 giant cockroaches
  13 hobgoblins
  11 jackals
  5 quokkas
  7 ball pythons
  10 bats
  3 giant newts
  A giant spore (D:7)
  A gnoll skeleton (D:5)
  10 goblins
  A hobgoblin skeleton (D:5)
  14 kobolds
  A kobold skeleton (D:4)
  An orc zombie (D:8)
  37 rats
  A rat skeleton (D:6)
  A rat zombie (D:8)
  A fungus (D:5)
284 creatures vanquished.

Vanquished Creatures (others)
  2 goblins
  A rat (D:1)
3 creatures vanquished.

Grand Total: 287 creatures vanquished

Notes
Turn   | Place    | Note
--------------------------------------------------------------
     0 | D:1      | CrazyArbalest, the Demonspawn Hunter, began the quest for the Orb.
     0 | D:1      | Reached XP level 1. HP: 15/15 MP: 1/1
   378 | D:1      | Reached skill level 4 in Crossbows
   653 | D:1      | Gained mutation: You can steal the life force of nearby defeated enemies. [demonic ancestry]
   653 | D:1      | Reached XP level 2. HP: 21/21 MP: 2/2
  1823 | D:2      | Reached skill level 1 in Armour
  1823 | D:2      | Reached XP level 3. HP: 7/26 MP: 3/3
  2358 | D:2      | Reached XP level 4. HP: 32/32 MP: 4/4
  3314 | D:3      | HP: 1/32 [poisoned by an orc]
  3323 | D:3      | Paralysed by a potion of paralysis for 2 turns
  3328 | D:3      | Gained mutation: You can tolerate rotten meat. [demonic ancestry]
  3328 | D:3      | Reached XP level 5. HP: 9/37 MP: 5/5
  4300 | D:3      | Found a sparkling altar of Nemelex Xobeh.
  4819 | D:4      | Reached skill level 1 in Maces & Flails
  4841 | D:4      | Reached XP level 6. HP: 34/43 MP: 6/6
  4860 | D:4      | Found a glowing silver altar of Zin.
  4865 | D:4      | Noticed a phantom
  4894 | D:4      | Killed a phantom
  4894 | D:4      | Reached skill level 5 in Crossbows
  5049 | D:4      | HP: 2/44 [rat (1)]
  5167 | D:4      | Got a faintly glowing scale mail
  5283 | D:4      | Gained mutation: You have a pair of small horns on your head. [demonic ancestry]
  5283 | D:4      | Reached XP level 7. HP: 32/49 MP: 7/7
  5389 | D:4      | Found a glowing drain.
  5396 | Sewer    | Entered a sewer
  5870 | Sewer    | Noticed a drowned soul
  5946 | Sewer    | Identified the cursed -5 scale mail of Intercession {Dex+3} (You found it on level 4 of the Dungeon)
  6530 | D:4      | Noticed a phantom
  6537 | D:4      | Killed a phantom
  6537 | D:4      | Reached skill level 6 in Crossbows
  6537 | D:4      | Reached skill level 1 in Stealth
  6935 | D:5      | Entered Level 5 of the Dungeon
  7077 | D:5      | Got a steaming ring mail
  7096 | D:5      | Found a shattered altar of Ashenzari.
  7981 | D:5      | Gained mutation: You have a pair of horns on your head. [demonic ancestry]
  7981 | D:5      | Reached XP level 8. HP: 54/56 MP: 8/8
  8143 | D:5      | Found a staircase to the Ecumenical Temple.
  8154 | Temple   | Entered the Ecumenical Temple
  8222 | Temple   | Became a worshipper of Warmaster Okawaru
  8629 | D:5      | Noticed Crazy Yiuf
  8637 | D:5      | Killed Crazy Yiuf
  9005 | D:6      | Reached skill level 5 in Dodging
  9118 | D:6      | Reached skill level 7 in Crossbows
  9537 | D:7      | Noticed Duvessa
  9537 | D:7      | Noticed Dowan
  9985 | D:7      | Noticed Menkaure
  9990 | D:7      | Killed Menkaure
 10042 | D:7      | Acquired Okawaru's first power
 10044 | D:7      | Reached XP level 9. HP: 36/62 MP: 10/10
 10045 | D:7      | Reached skill level 8 in Crossbows
 10504 | D:7      | Noticed Blork the orc
 10510 | D:7      | Killed Blork the orc
 10621 | D:7      | Noticed Prince Ribbit
 10628 | D:7      | Killed Prince Ribbit
 10716 | D:7      | Noticed a griffon
 10717 | D:7      | Noticed a polar bear
 10717 | D:7      | Noticed a polar bear
 10719 | D:7      | Noticed a polar bear
 10805 | D:7      | Paralysed by a giant eyeball for 2 turns
 10891 | D:7      | Killed Dowan
 10967 | D:6      | Identified the +2 ring mail "Blenofi" {+Fly MR++} (You found it on level 5 of the Dungeon)
 11153 | D:8      | Found a shadowy altar of Dithmenos.
 11170 | D:8      | Noticed Psyche
 11180 | D:8      | Killed Psyche
 11180 | D:8      | Reached skill level 9 in Crossbows
 11180 | D:8      | Reached skill level 1 in Evocations
 11427 | D:8      | Found a radiant altar of Vehumet.
 12137 | D:8      | Reached skill level 10 in Crossbows
 12362 | D:8      | Gained mutation: You emit a foul stench, and are resistant to rotting and decay. [demonic ancestry]
 12362 | D:8      | Reached XP level 10. HP: 66/70 MP: 11/11
 13043 | D:8      | Reached skill level 11 in Crossbows
 13062 | D:8      | Noticed a queen ant
 13658 | D:8      | HP: 3/70 [poisoned by a soldier ant]
 13660 | D:8      | HP: 1/70 [poisoned by a soldier ant]
 13663 | D:8      | Succumbed to a soldier ant's poison

Action                   |  1- 3 |  4- 6 |  7- 9 | 10-12 || total
-------------------------+-------+-------+-------+-------++-------
Melee: Short sword       |   140 |       |       |       ||   140
       Flail             |       |   104 |       |       ||   104
       Whip              |       |    83 |   429 |       ||   512
       Morningstar       |       |       |    60 |    62 ||   122
 Fire: Crossbow          |    15 |    28 |   219 |    97 ||   359
Invok: Heroism           |       |       |     1 |       ||     1
Evoke: Wand              |       |       |    12 |     1 ||    13
  Use: Potion            |       |     8 |     2 |     5 ||    15
       Scroll            |       |       |    21 |       ||    21
 Stab: Distracted        |       |       |     1 |       ||     1
       Invisible         |       |       |       |     3 ||     3
